Map: Новое противостояние РВ

Players

Murena - Winner!

  • Race: Terran Terran
  • Spawn Location: 7:00

ИИ 1 (эксперт)

  • Race: Zerg Zerg
  • Spawn Location: 1:00

VOD

Have the link to the VOD?

Description

Time

  • Played on: Feb. 9, 2019, 6:08 a.m.
  • Length: 11:04
Show
View Real Time Build Order
Export as new Build Order

Murena Terran - Winner!

Build Orders: Command Center First (CC) 

Get SALT Encoding   

  12  0:00  SCV  
  13  0:12  SCV  
  14  0:18  Supply Depot  
  14  0:25  SCV  
  15  0:54  Command Center  
  15  0:58  SCV  
  16  1:11  SCV  
  17  1:13  Barracks  
  17  1:21  Refinery  
  17  1:23  SCV  
  18  1:36  SCV  
  19  1:41  Barracks  
  19  1:48  SCV  
  20  2:00  Marine  
  21  2:01  SCV  
  21  2:07  Orbital Command  
  22  2:14  SCV  
  23  2:19  Marine  
  24  2:25  Factory  
  24  2:27  SCV  
  24  2:28  Marine  
  26  2:33  SCV  
  27  2:38  Marine  
  27  2:39  SCV  
  29  2:47  Barracks Reactor  
  29  2:51  SCV  
  30  2:52  Orbital Command  
  30  2:55  Refinery  
  30  2:56  Marine  
  31  3:03  SCV  
  32  3:07  Bunker  
  32  3:11  Factory Reactor  
  32  3:15  Barracks Tech Lab  
  32  3:17  SCV  
  32  3:18  SCV  
  34  3:24  Marine x2  
  36  3:29  Engineering Bay  
  36  3:31  SCV  
  36  3:32  Engineering Bay, SCV  
  38  3:38  Supply Depot  
  38  3:39  Combat Shield  
  38  3:45  Refinery x2  
  38  3:52  Supply Depot  
  38  3:56  Terran Infantry Weapons Level 1  
  38  4:01  Marauder, Marine  
  38  4:02  Marine  
  42  4:06  Hellion  
  42  4:07  SCV  
  45  4:10  SCV  
  46  4:19  Starport  
  46  4:22  SCV  
  46  4:23  SCV  
  48  4:25  Marauder  
  48  4:28  Supply Depot  
  48  4:31  Terran Infantry Armor Level 1  
  50  4:33  Marine  
  50  4:35  Marine  
  50  4:37  SCV  
  53  4:40  SCV  
  54  4:47  Supply Depot  
  54  4:54  Starport  
  54  4:55  Starport Reactor  
  54  4:57  Hellion  
  54  4:58  Marauder  
  58  5:03  Missile Turret, SCV  
  58  5:05  SCV  
  60  5:19  Marine  
  61  5:22  SCV x2  
  61  5:24  Missile Turret  
  63  5:29  Armory  
  63  5:30  Marine  
  63  5:31  Marine  
  63  5:32  Starport Reactor  
  63  5:33  Medivac  
  63  5:34  Medivac  
  69  5:42  Supply Depot  
  69  5:46  Supply Depot  
  69  5:48  SCV  
  70  5:55  Barracks  
  70  6:04  Marauder  
  70  6:06  Medivac x2  
  70  6:08  Marine  
  70  6:10  SCV x2  
  79  6:11  Medivac  
  79  6:13  Medivac  
  79  6:15  Marine  
  84  6:20  Terran Infantry Weapons Level 2  
  84  6:23  SCV  
  85  6:29  Supply Depot  
  85  6:34  Concussive Shells  
  85  6:36  Terran Infantry Armor Level 2  
  85  6:40  Missile Turret  
  85  6:44  Barracks Tech Lab  
  85  6:47  SCV  
  85  6:50  Marauder  
  85  6:53  Marine  
  89  6:55  Hellbat  
  89  6:59  Command Center  
  91  7:02  SCV  
  91  7:03  SCV  
  91  7:06  Marine  
  94  7:09  Supply Depot  
  94  7:11  Supply Depot  
  94  7:17  Supply Depot, Stimpack  
  94  7:19  Terran Vehicle Weapons Level 1  
  94  7:31  Marauder  
  80  8:20  Unknown  
Show
View Real Time Build Order
Export as new Build Order

ИИ 1 (эксперт) Zerg 

Build Orders: Pool First 

Get SALT Encoding   

  12  0:00  Drone  
  13  0:12  Overlord  
  13  0:16  Drone  
  14  0:30  Drone x2  
  14  0:34  Drone  
  17  0:48  Spawning Pool  
  17  0:49  Drone  
  17  1:10  Hatchery  
  16  1:14  Drone  
  16  1:16  Extractor  
  16  1:20  Drone  
  16  1:23  Extractor  
  16  1:25  Drone  
  17  1:29  Drone  
  18  1:38  Drone  
  19  1:49  Overlord  
  19  1:57  Queen  
  21  2:03  Zergling x2  
  22  2:10  Drone  
  23  2:24  Queen  
  25  2:30  Drone  
  25  2:35  Drone  
  27  2:39  Drone  
  27  2:43  Drone  
  29  2:57  Roach Warren  
  28  2:59  Drone  
  28  3:02  Drone  
  30  3:06  Zergling x2  
  30  3:09  Zergling x2  
  32  3:15  Overlord  
  32  3:18  Drone  
  33  3:21  Drone  
  34  3:37  Roach x3  
  34  3:38  Roach  
  42  3:45  Lair  
  42  3:50  Overlord  
  42  3:55  Overlord  
  42  3:58  Zergling x2  
  42  4:00  Zergling x2  
  44  4:08  Zergling x2, Drone x2  
  47  4:11  Drone  
  47  4:12  Drone  
  47  4:16  Drone  
  50  4:20  Overlord  
  50  4:24  Roach  
  50  4:28  Roach  
  54  4:31  Roach  
  54  4:34  Roach  
  58  4:38  Overlord  
  58  4:44  Hydralisk Den  
  58  4:45  Drone  
  58  4:47  Drone  
  58  4:49  Drone  
  58  4:52  Roach  
  62  4:55  Roach  
  62  4:59  Overlord  
  64  5:06  Drone  
  65  5:08  Drone  
  65  5:10  Drone  
  65  5:11  Drone  
  65  5:14  Hydralisk, Drone  
  69  5:16  Hydralisk  
  69  5:20  Hydralisk  
  75  5:24  Overlord  
  75  5:28  Hydralisk  
  75  5:30  Drone  
  75  5:31  Drone  
  75  5:33  Drone  
  81  5:35  Drone  
  81  5:38  Drone  
  81  5:39  Drone  
  81  5:40  Drone  
  85  5:42  Drone  
  85  5:45  Overlord  
  85  5:49  Hydralisk  
  86  5:50  Drone  
  86  5:53  Hydralisk  
  86  5:55  Metabolic Boost  
  90  6:00  Evolution Chamber  
  89  6:04  Overlord  
  89  6:17  Ravager x2  
  89  6:18  Roach  
  93  6:20  Evolution Chamber  
  93  6:21  Drone  
  93  6:24  Evolution Chamber  
  92  6:26  Zerg Missile Weapons Level 1  
  92  6:27  Spire  
  92  6:29  Hatchery  
  90  6:41  Drone  
  90  6:43  Drone  
  90  6:45  Zerg Melee Weapons Level 1  
  92  6:48  Extractor, Drone  
  92  6:49  Zerg Ground Armor Level 1  
  92  6:50  Extractor  
  92  6:51  Drone  
  92  7:02  Spine Crawler  
  92  7:03  Drone  
  92  7:08  Drone, Overseer, Spine Crawler  
  92  7:11  Overlord, Drone x4  
  92  7:12  Drone x2  
  98  7:18  Glial Reconstitution  
  98  7:28  Pneumatized Carapace  
  98  7:39  Mutalisk  
  98  7:40  Mutalisk  
  98  7:42  Queen, Drone x2  
  98  7:43  Overlord, Drone x4  
  98  7:44  Drone x2  
  111  7:45  Drone  
  111  7:47  Drone  
  111  7:49  Drone  
  111  7:50  Drone  
  116  7:52  Drone  
  116  7:53  Extractor, Drone  
  116  7:55  Zergling x2  
  116  7:57  Zergling x2  
  105  7:59  Drone  
  105  8:02  Roach  
  105  8:04  Drone  
  93  8:06  Roach  
  81  8:13  Roach  
  81  8:15  Roach  
  81  8:16  Zergling x2, Hydralisk  
  81  8:17  Roach, Drone  
  88  8:21  Hydralisk  
  88  8:22  Roach, Zergling x2  
  88  8:23  Hydralisk  
  88  8:26  Hydralisk  
  89  8:29  Roach  
  87  8:34  Roach  
  87  8:37  Drone  
  87  8:39  Drone  
  84  8:45  Zergling x2  
  66  9:02  Zergling x2  
  58  9:05  Roach  
  58  9:08  Roach  
  54  9:11  Roach  
  54  9:13  Roach  
  54  9:15  Zergling x2  
  53  9:18  Hydralisk  
  48  9:28  Zergling x2  
  47  9:32  Roach  
  47  9:35  Hatchery  
  47  9:36  Roach  
  48  9:40  Roach  
  48  9:44  Zergling x2  
  48  9:47  Zergling x2  
  48  9:49  Roach  
  35  10:12  Spawning Pool  
  30  10:39  Drone  
Tags
 
Add a new tag
Caveats
  • Supply blocks, unpowered buildings, or Contaminate may cause inaccurate times.
  • Supply counts are checked every 10 seconds.